 Dungeon Crawl Stone Soup version 0.21.1-1-g345015f (webtiles) character file.

4018 xccam the Basher (level 10, -1/81 HPs)
             Began as a Yellow Draconian Monk on Feb 20, 2018.
             Was an Initiate of Ru.
             Slain by an ogre
             ... wielding a +0 giant club
              (25 damage)
             ... on level 8 of the Dungeon.
             The game lasted 00:24:52 (6748 turns).

xccam the Basher (Yellow Draconian Monk)            Turns: 6748, Time: 00:24:52

Health: -1/81      AC: 10    Str: 16    XL:     10   Next: 3%
Magic:  10/10      EV: 14    Int: 11    God:    Ru [......]
Gold:   381        SH: 10    Dex: 14    Spells: 9/9 levels left

rFire    . . .     SeeInvis .   o - +2 whip (freeze)
rCold    . . .     Gourm    .   E - +0 shield "Riawnes" {rPois} (curse)
rNeg     . . .     Faith    .   (armour unavailable)
rPois    +         Spirit   .   (helmet restricted)
rElec    .         Reflect  .   (no cloak)
rCorr    +         Harm     .   n - +1 pair of gloves
MR       .....                  C - +0 pair of boots
Stlth    +++.......             j - amulet of regeneration
HPRegen  0.63/turn              t - ring of stealth
MPRegen  0.12/turn              (no ring)

@: no status effects
A: spit acid, acid resistance, unfitting armour, hooves 1, cold-blooded,
MP-powered wands, AC +7
a: Breathe Acid, Renounce Religion


You were on level 8 of the Dungeon.
You worshipped Ru.
Ru was noncommittal.
You were not hungry.

You visited 1 branch of the dungeon, and saw 8 of its levels.
You also visited: Ossuary.

You collected 421 gold pieces.
You donated 40 gold pieces to Zin.

Inventory:

Hand Weapons
 o - a +2 whip of freezing (weapon)
 y - the +1 whip "Ogrebane" {drain, -Tele *Contam rElec rC+++}
   (You found it on level 5 of the Dungeon)

   A truly terrible weapon, it drains the life of those it strikes.
   It renders you almost immune to cold.
   It insulates you from electricity.
   It prevents most forms of teleportation.
   It causes magical contamination when unequipped.
Missiles
 a - 9 tomahawks (quivered)
Armour
 i - a +0 scale mail
 n - a +1 pair of gloves (worn)
 C - a +0 pair of boots (worn)
 E - the cursed +0 shield "Riawnes" (worn) {rPois}
   (You found it on level 7 of the Dungeon)

   It protects you from poison.
   It has a curse placed upon it.
Jewellery
 c - an uncursed ring of fire
 j - an amulet of regeneration (around neck)
 t - a ring of stealth (left hand)
Wands
 d - a wand of enslavement (20)
 H - a wand of acid (6)
 I - a wand of paralysis (14)
Scrolls
 k - a scroll of noise
 q - 3 scrolls of remove curse
 w - 2 scrolls of amnesia {unknown}
 G - a scroll of identify
Potions
 e - 6 potions of heal wounds
 f - a potion of flight {unknown}
 g - a potion of curing {unknown}
 h - a potion of invisibility {unknown}
 m - 2 potions of brilliance
 p - a potion of agility {unknown}
 r - 4 potions of lignification
 u - 3 potions of berserk rage {unknown}
 v - a potion of haste
 x - a potion of cancellation {unknown}
 z - 3 potions of resistance
 A - a potion of ambrosia
 B - a potion of might {unknown}
 F - a potion of experience {unknown}
Books
 l - a book of Maledictions

   Spells                             Type                      Level
   a - Corona                         Hexes                        1
   b - Ensorcelled Hibernation        Hexes/Ice                    2
   c - Confuse                        Hexes                        3
   d - Tukima's Dance                 Hexes                        3
   e - Dazzling Spray                 Conjuration/Hexes            3
 D - a book of Battle

   Spells                             Type                      Level
   a - Infusion                       Charms                       1
   b - Shroud of Golubria             Charms/Translocation         2
   c - Song of Slaying                Charms                       2
   d - Spectral Weapon                Hexes/Charms                 3
   e - Regeneration                   Charms/Necromancy            3
Comestibles
 b - 13 rations
 s - 4 chunks of flesh


   Skills:
 - Level 5.5 Fighting
 + Level 10.9 Maces & Flails
 + Level 6.5 Dodging
 - Level 1.7 Stealth
 * Level 6.1 Shields


You had 9 spell levels left.
You didn't know any spells.

Dungeon Overview and Level Annotations

Branches:
Dungeon (8/15)             Temple (0/1) D:7
   Lair: D:8-11

Altars:
Elyvilon
Makhleb
Nemelex Xobeh
Okawaru
Qazlal
Ru
Sif Muna
Xom
Zin

Shops:
D:6 %=[*%

Annotations:
D:8 Grum


Innate Abilities, Weirdness & Mutations

You can spit globs of acid.
You are resistant to acid.
Your golden yellow scales are hard. (AC +7)
You cannot fit into any form of body armour.
You are cold-blooded and may be slowed by cold attacks.
You have large cloven feet.
You expend magic power (3 MP) to strengthen your wands.


Message History

You fail to use your ability.
The orc priest calls down the wrath of Beogh upon you.
Beogh smites you! You block the ogre's attack.
The orc priest mumbles some strange prayers to Beogh against you.
Pain shoots through your body!
The orc priest invokes the aid of Beogh against you.
Beogh smites you!
* * * LOW HITPOINT WARNING * * *
An orc comes into view. It is wielding a falchion.
Grum the Hunter comes into view.
He is wielding a halberd.
A wolf comes into view.
The orc priest looks encouraged for a moment.
A wolf comes into view.
The orc priest invokes the aid of Beogh against you.
Beogh smites you!
* * * LOW HITPOINT WARNING * * *
A wolf comes into view.
There is a stone staircase leading up, spattered with blood here.
The ogre hits you with a giant club!!
You die...

#..#.h.#.####.. ................
##....#.....h.. ######)...#####
#.............## #...######
..#.####..###..# ###...#.....
.........o.###h#######.......####
...######..o.g......))......####.
...#### #.####....###)...........
......# #.# ###O...#....####....
....#.###.. #@##.....## #.###
##..#..####.####.###...## ###.#
##..#...# ......# #.#.####<..#
#..###.## ....## #........###
#.......##....# #..#......####
####......##..####..#.####.....
###?....#...##.....####.....
##......#.#...............
##.....#......).#########


You could see an ogre and 2 wolves.

Vanquished Creatures
  3 hippogriffs
  A wraith (Ossuary)
  4 yaks
  A hungry ghost (D:8)
  Menkaure (D:6)
  An ice beast (D:8)
  A black bear (D:7)
  2 orc warriors
  2 phantoms
  An eye of draining (D:8)
  3 ogres
  2 centaurs
  A big kobold (D:8)
  2 bullfrogs
  2 howler monkeys (D:8)
  3 crimson imps
  A centaur zombie (D:6)
  3 hounds
  A jelly (D:5)
  6 orc priests
  A bullfrog skeleton (D:4)
  2 iguanas
  8 orc wizards
  Ijyb (D:5)
  5 worker ants
  A killer bee zombie (D:6)
  A mummy (Ossuary)
  A worker ant zombie (D:8)
  3 gnolls (D:4)
  7 adders
  An ooze (D:4)
  An adder skeleton (D:5)
  A worm (D:4)
  A dart slug (D:1)
  4 leopard geckos
  41 orcs
  8 bats
  10 giant cockroaches
  12 goblins
  3 hobgoblins
  6 jackals
  15 kobolds
  4 quokkas
  2 ball pythons (D:2)
  2 frilled lizards
  A giant cockroach zombie (D:5)
  8 gnoll skeletons (Ossuary)
  2 jackal skeletons
  3 kobold skeletons (Ossuary)
  A leopard gecko skeleton (D:4)
  14 orc skeletons (Ossuary)
  9 rats
220 creatures vanquished.

Notes
Turn   | Place    | Note
-------+----------+-------------------------------------------
     0 | D:1      | xccam the Draconian Monk began the quest for the Orb.
     0 | D:1      | Reached XP level 1. HP: 19/19 MP: 1/1
   287 | D:1      | Reached XP level 2. HP: 26/26 MP: 2/2
   433 | D:1      | Reached skill level 4 in Maces & Flails
   627 | D:1      | Reached XP level 3. HP: 20/31 MP: 3/3
  1021 | D:2      | Found a shimmering altar of Xom.
  1108 | D:2      | Found a shimmering altar of Xom.
  1109 | D:2      | Found a shimmering altar of Xom.
  1109 | D:2      | Found a shimmering altar of Xom.
  1110 | D:2      | Found a shimmering altar of Xom.
  1488 | D:2      | Found a glowing silver altar of Zin.
  1649 | D:2      | Found a white marble altar of Elyvilon.
  1986 | D:3      | Reached skill level 5 in Maces & Flails
  1986 | D:3      | Reached XP level 4. HP: 33/38 MP: 4/4
  2047 | D:3      | Noticed a phantom
  2141 | D:3      | Killed a phantom
  2141 | D:3      | Reached skill level 6 in Maces & Flails
  2141 | D:3      | Reached XP level 5. HP: 14/45 MP: 5/5
  2309 | D:3      | Found a faded altar of an unknown god.
  2313 | D:3      | Became a worshipper of Zin the Law-Giver
  2313 | D:3      | Reached * piety under Zin
  2313 | D:3      | Reached ** piety under Zin
  2313 | D:3      | Reached *** piety under Zin
  2649 | D:3      | Reached XP level 6. HP: 34/51 MP: 6/6
  2654 | D:3      | Reached **** piety under Zin
  2731 | D:4      | Reached skill level 7 in Maces & Flails
  3091 | D:4      | Reached skill level 8 in Maces & Flails
  3140 | D:4      | Found a stormy altar of Qazlal.
  3162 | D:4      | Your scales start taking on a golden yellow colour.
  3162 | D:4      | Reached XP level 7. HP: 32/57 MP: 7/7
  3431 | D:5      | Entered Level 5 of the Dungeon
  3455 | D:5      | Found a sand-covered staircase.
  3471 | Ossuary  | Entered an ossuary
  3471 | Ossuary  | Noticed a wraith
  3471 | Ossuary  | Noticed a wraith
  3471 | Ossuary  | Noticed a wraith
  3557 | Ossuary  | Reached ***** piety under Zin
  3594 | Ossuary  | Noticed a wraith
  3619 | Ossuary  | Killed a wraith
  3619 | Ossuary  | Reached skill level 9 in Maces & Flails
  3847 | D:5      | Found a sparkling altar of Nemelex Xobeh.
  3893 | D:5      | Got a transparent whip
  3894 | D:5      | Identified the cursed +1 whip "Ogrebane" {drain, -Tele *Contam rElec rC+++} (You found it on level 5 of the Dungeon)
  4114 | D:5      | Noticed Ijyb
  4131 | D:5      | Killed Ijyb
  4307 | D:5      | Reached XP level 8. HP: 59/66 MP: 8/8
  4408 | D:5      | Found a deep blue altar of Sif Muna.
  4834 | D:6      | Found Delef's General Store.
  4835 | D:6      | Found Poamirch's Armour Boutique.
  4862 | D:6      | Found Loecuapo's Food Emporium.
  4865 | D:6      | Noticed Menkaure
  4881 | D:6      | Killed Menkaure
  4966 | D:6      | Found Toaz's Jewellery Shop.
  5168 | D:6      | Found Waegoss's Food Shop.
  5445 | D:7      | Reached skill level 5 in Fighting
  5522 | D:7      | Found an iron altar of Okawaru.
  5556 | D:7      | Found a burning altar of Makhleb.
  5626 | D:7      | Reached skill level 10 in Maces & Flails
  5775 | D:7      | Found a sacrificial altar of Ru.
  5788 | D:7      | Reached skill level 5 in Dodging
  5796 | D:7      | Fell from the grace of Zin
  5796 | D:7      | Became a worshipper of Ru the Awakened
  5829 | D:7      | Got a bloodstained shield
  5830 | D:7      | Identified the cursed +0 shield "Riawnes" {rPois} (You found it on level 7 of the Dungeon)
  5946 | D:7      | Found a staircase to the Ecumenical Temple.
  6085 | D:7      | Reached skill level 1 in Shields
  6085 | D:7      | Reached XP level 9. HP: 68/74 MP: 9/9
  6397 | D:8      | Reached skill level 5 in Shields
  6585 | D:8      | Gained mutation: You are resistant to hostile enchantments. (MR+) [potion of mutation]
  6585 | D:8      | Gained mutation: You tend to lose your temper in combat. [potion of mutation]
  6585 | D:8      | Gained mutation: You have sharp toenails. [potion of mutation]
  6586 | D:8      | Lost mutation: You tend to lose your temper in combat. [potion of mutation]
  6586 | D:8      | Lost mutation: You are resistant to hostile enchantments. (MR+) [potion of mutation]
  6586 | D:8      | Lost mutation: You have sharp toenails. [potion of mutation]
  6586 | D:8      | Gained mutation: You expend magic power (3 MP) to strengthen your wands. [potion of mutation]
  6586 | D:8      | Gained mutation: You have large cloven feet. [potion of mutation]
  6724 | D:8      | Reached XP level 10. HP: 55/81 MP: 10/10
  6738 | D:8      | Noticed Grum
  6748 | D:8      | Slain by an ogre

Skill      XL: |  1  2  3  4  5  6  7  8  9 |
---------------+----------------------------+-----
Maces & Flails | 4 5 6 8 9 10 | 10.9
Fighting       | 4 5 |  5.5
Dodging        | 5 6 |  6.5
Shields        | 1 6 |  6.1
Stealth        | |  1.7

Action                   |  1- 3 |  4- 6 |  7- 9 | 10-12 || total
-------------------------+-------+-------+-------+-------++-------
Melee: Mace              |   111 |       |       |       ||   111
       Tailslap          |    13 |    18 |    81 |       ||   112
       Whip              |    12 |   160 |   588 |       ||   760
Throw: Tomahawk          |       |    15 |       |       ||    15
       Throwing net      |       |     2 |       |       ||     2
 Abil: Breathe Acid      |       |       |    14 |       ||    14
  Use: Potion            |       |     2 |     2 |       ||     4
       Scroll            |       |       |    12 |       ||    12
 Stab: Sleeping          |     5 |       |     5 |       ||    10
       Distracted        |       |       |     1 |       ||     1
  Eat: Chunk             |     3 |     3 |    10 |       ||    16
       Ration            |       |     1 |     1 |       ||     2
Armor: Skin              |    45 |    30 |   147 |       ||   222
Dodge: Dodged            |   120 |    80 |   296 |       ||   496
Block: Shield            |       |       |   107 |     1 ||   108
